 Dungeon Crawl Stone Soup version 0.19-a0-1185-gacb3972 (webtiles) character file.

3840 JustSomeDude the Covered (level 9, 0/69 HPs)
             Began as a Demonspawn Fighter on Aug 18, 2016.
             Was a Believer of Okawaru.
             Slain by an orc wizard
             ... wielding a +3 dagger of holy wrath
              (2 damage)
             ... on level 8 of the Dungeon.
             The game lasted 00:15:22 (6565 turns).

JustSomeDude the Covered (Demonspawn Fighter)       Turns: 6565, Time: 00:15:23

Health: 0/69       AC: 10    Str: 20    XL:     9   Next: 98%
Magic:  0/9        EV: 10    Int: 11    God:    Okawaru [**....]
Gold:   429        SH: 10    Dex: 13    Spells: 0 memorised, 8 levels left

rFire  + . .     SeeInvis .     x - +7 rapier of Untruth {freeze, rF+ rC+}
rCold  + . .     Gourm    .     b - +0 scale mail
rNeg   . . .     Faith    .     c - +0 shield
rPois  .         Spirit   +     (helmet restricted)
rElec  .         Dismiss  .     (no cloak)
rCorr  +         Reflect  .     e - +1 pair of gloves
MR     .....     Harm     .     (no boots)
Stlth  ..........               (no amulet)
                                r - ring of resist corrosion
                                o - +2 ring of strength

@: no status effects
A: antennae 2, claws 2, talons 1, magic shield
a: Heroism, Renounce Religion


You were on level 8 of the Dungeon.
You worshipped Okawaru.
Okawaru was pleased with you.
You were not hungry.

You visited 2 branches of the dungeon, and saw 9 of its levels.

You collected 429 gold pieces.

Inventory:

Hand Weapons
 a - a +1 war axe
 x - the +7 rapier of Untruth (weapon) {freeze, rF+ rC+}
   (You found it on level 4 of the Dungeon)

   It has been specially enchanted to freeze those struck by it, causing extra
   injury to most foes and up to half again as much damage against particularly
   susceptible opponents.
   It can also slow down cold-blooded creatures.
   It protects you from fire.
   It protects you from cold.
Armour
 b - a +0 scale mail (worn)
 c - a +0 shield (worn)
 e - a +1 pair of gloves (worn)
 y - a +0 chain mail
Jewellery
 o - a +2 ring of strength (left hand)
 r - a ring of resist corrosion (right hand)
 E - an uncursed ring of stealth {unknown}
 G - a +2 ring of dexterity {unknown}
Wands
 h - a wand of polymorph (10/24)
Scrolls
 d - a scroll of magic mapping {unknown}
 j - a scroll of amnesia
 m - 4 scrolls of remove curse
 n - 6 scrolls of identify
 s - a scroll of immolation
 A - 2 scrolls of enchant weapon
 F - a scroll of fog {unknown}
Potions
 g - a potion of flight
 p - 2 potions of haste {unknown}
 t - a potion of ambrosia {unknown}
 v - 3 potions of curing {unknown}
 w - 2 potions of cancellation {unknown}
 B - a potion of degeneration {unknown}
 D - a potion of brilliance {unknown}
Comestibles
 f - 6 bread rations
 k - 3 royal jellies
 l - a meat ration
 u - 2 beef jerkies
 z - 3 fruits


   Skills:
 + Level 5.9 Fighting
 * Level 6.1 Short Blades
 - Level 4.1 Axes
 + Level 6.9 Armour
 + Level 5.1 Dodging
 + Level 1.8 Stealth
 + Level 5.7 Shields


You had 8 spell levels left.
You didn't know any spells.

Dungeon Overview and Level Annotations

Branches:
Dungeon (8/15)             Temple (1/1) D:6
   Lair: D:8-11

Altars:
Ashenzari
Cheibriados
Dithmenos
Elyvilon
Fedhas
Gozag
Hepliaklqana
Kikubaaqudgha
Makhleb
Nemelex Xobeh
Okawaru
Qazlal
Ru
Uskayaw
Vehumet
Xom
Yredelemnul
Zin
The Shining One

Shops:
D:7 [


Innate Abilities, Weirdness & Mutations

You have a pair of antennae on your head.
You have very sharp fingernails.
You have sharp toenails.
When hurt, damage is shared between your health and your magic reserves.


Message History

You hear some strange, mumbled words.
A puff of flame appears from out of thin air!
The puff of flame hits you! You resist. The wasp stings you but does no damage.
The quokka bites you but does no damage.
You closely miss the wasp. Your kick misses the wasp.
The wasp is almost dead.
You block the orc warrior's attack. The wasp barely misses you.
The quokka bites you. Something hits you.
* * * LOW HITPOINT WARNING * * *
You convulse.
* * * LOW HITPOINT WARNING * * *
You puncture the wasp! You freeze the wasp.
You kill the wasp!
Okawaru accepts your kill.
The orc warrior hits you with a dire flail!
* * * LOW HITPOINT WARNING * * *
The quokka barely misses you. Something hits you.
* * * LOW HITPOINT WARNING * * *
You convulse.
You die...

.....#.........
................
.$.............
###............
#............#
#............#
........ro{..# ..#
.........@...#...#
.............#...#
#............#...#..... .
#.....##.....#...#.......
#.....###........#....#.
.......................
...............#......####
............#.............
. #.........#...).....)...


You could see an orc warrior and a quokka.

Vanquished Creatures
  The ghost of ximxim the Infuser, a novice HESk of Ashenzari (D:8)
  Grinder (D:4)
  Menkaure (D:4)
  An ice beast (D:5)
  2 orc warriors (D:7)
  7 ogres
  A phantom (D:5)
  A wasp (D:8)
  2 centaurs
  2 big kobolds (D:7)
  A giant frog (D:6)
  A scorpion (D:6)
  A water moccasin skeleton (D:4)
  A howler monkey (D:6)
  2 jellies
  A crimson imp (D:6)
  A centaur zombie (D:6)
  4 gnoll shamans
  3 hounds
  8 orc wizards
  6 orc priests
  2 centaur skeletons
  Natasha (twice) (D:4)
  5 worker ants
  A killer bee zombie (D:6)
  A howler monkey zombie (D:3)
  A worker ant zombie (D:3)
  12 gnolls
  8 adders
  2 shadow imps (D:5)
  2 adder zombies
  5 adder skeletons
  2 worms
  6 dart slugs
  10 giant geckos
  33 orcs
  A ball python (D:7)
  3 giant cockroaches
  10 goblins
  5 hobgoblins
  2 jackals (D:5)
  9 kobolds
  6 quokkas
  7 bats
  A giant gecko skeleton (D:6)
  A giant gecko zombie (D:6)
  9 giant newts
  A jackal skeleton (D:3)
  A quokka zombie (D:3)
  4 rats
200 creatures vanquished.

Vanquished Creatures (others)
  4 fungi (D:7)
  2 plants (D:7)
6 creatures vanquished.

Grand Total: 206 creatures vanquished

Notes
Turn   | Place    | Note
-------+----------+-------------------------------------------
     0 | D:1      | JustSomeDude the Demonspawn Fighter began the quest for the Orb.
     0 | D:1      | Reached XP level 1. HP: 18/18 MP: 1/1
    51 | D:1      | Gained mutation: You have sharp fingernails. [demonic ancestry]
    51 | D:1      | Reached XP level 2. HP: 21/24 MP: 2/2
   229 | D:1      | Gained mutation: You have sharp toenails. [demonic ancestry]
   229 | D:1      | Reached XP level 3. HP: 17/29 MP: 3/3
   472 | D:2      | Reached skill level 1 in Dodging
   687 | D:2      | Reached XP level 4. HP: 18/35 MP: 4/4
  1029 | D:2      | Found an opulent altar of Gozag.
  1452 | D:3      | Reached XP level 5. HP: 3/41 MP: 5/5
  1822 | D:3      | Found a shattered altar of Ashenzari.
  2431 | D:4      | Noticed Natasha
  2436 | D:4      | Gained mutation: You have a pair of small antennae on your head. [demonic ancestry]
  2436 | D:4      | Reached XP level 6. HP: 29/48 MP: 6/6
  2437 | D:4      | Killed Natasha
  2545 | D:4      | Noticed Grinder
  2550 | D:4      | Paralysed by Grinder for 3 turns
  2567 | D:4      | Killed Grinder
  2625 | D:4      | Gained mutation: When hurt, damage is shared between your health and your magic reserves. [demonic ancestry]
  2625 | D:4      | Reached XP level 7. HP: 13/54 MP: 7/7
  2882 | D:4      | Noticed Natasha
  2888 | D:4      | Killed Natasha
  2908 | D:4      | Got a shimmering rapier
  2910 | D:4      | Identified the +7 rapier of Untruth {freeze, rF+ rC+} (You found it on level 4 of the Dungeon)
  2976 | D:4      | Noticed Menkaure
  2984 | D:4      | Killed Menkaure
  2984 | D:4      | Reached skill level 1 in Stealth
  3155 | D:5      | Entered Level 5 of the Dungeon
  3255 | D:5      | Reached skill level 1 in Short Blades
  3321 | D:5      | Reached skill level 5 in Armour
  3321 | D:5      | Gained mutation: You have a pair of antennae on your head. [demonic ancestry]
  3321 | D:5      | Reached XP level 8. HP: 53/61 MP: 6/8
  3492 | D:6      | Found a blossoming altar of Fedhas.
  3492 | D:6      | Found a snail-covered altar of Cheibriados.
  3494 | D:6      | Found a radiant altar of Vehumet.
  3495 | D:6      | Found a basalt altar of Yredelemnul.
  3534 | D:6      | Found a staircase to the Ecumenical Temple.
  3568 | Temple   | Entered the Ecumenical Temple
  3776 | Temple   | Became a worshipper of Warmaster Okawaru
  4153 | D:6      | Reached skill level 5 in Fighting
  4420 | D:7      | Found a snail-covered altar of Cheibriados.
  4681 | D:5      | Reached skill level 5 in Shields
  4891 | D:7      | Found Daeppud's Antique Armour Shoppe.
  4992 | D:7      | Gained mutation: You have very sharp fingernails. [demonic ancestry]
  4992 | D:7      | Reached XP level 9. HP: 54/68 MP: 7/9
  5003 | D:7      | Reached * piety under Okawaru
  5073 | D:7      | Noticed a cyan ugly thing
  5713 | D:7      | Reached skill level 5 in Short Blades
  6108 | D:7      | Reached ** piety under Okawaru
  6355 | D:8      | Noticed ximxim's ghost (novice HESk)
  6392 | D:8      | Killed ximxim's ghost
  6392 | D:8      | Reached skill level 5 in Dodging
  6565 | D:8      | HP: 3/69 [orc warrior/dire flail (11)]
  6565 | D:8      | Slain by an orc wizard

Vault maps used:
D:1:      minmay_arrival_glassed_features, kennysheep_decorative_pillar,
          minmay_vboxes
D:2:      nicolae_gozag_cash_rules_everything_around_me, minmay_misc_feat_tiny
D:3:      evilmike_ruin_ashenzari, serial_undead, serial_undead_f,
          serial_undead_d, serial_undead_d, serial_undead_d, grunt_ministairs_14
D:4:      first_bread, guppyfry_early_lair_pool, uniq_menkaure, uniq_grinder,
          uniq_natasha
D:5:      amethyst_killhole
D:6:      grunt_temple_overflow_open, serial_park_tiny_pond
D:7:      kennysheep_seaside_town, serial_shops, shop, basic_altar, minmay_holes
D:8:      basic_altar, serial_glass, glass_columns_b, glass_columns_b,
          feat_on_display, minmay_strange_pillars, item_on_display_a
Temple:   nicolae_temple_figure_eight

Skill      XL: |  1  2  3  4  5  6  7  8  9 |
---------------+----------------------------+-----
Axes           | 2 3 4 |  4.1
Armour         | 3 4 5 6 |  6.9
Dodging        | 1 2 3 4 5 |  5.1
Shields        | 3 4 5 |  5.7
Fighting       | 4 5 |  5.9
Stealth        | 1 |  1.8
Short Blades   | 1 4 6 |  6.1

Action                   |  1- 3 |  4- 6 |  7- 9 || total
-------------------------+-------+-------+-------++-------
Melee: War axe           |   119 |   191 |    25 ||   335
       Kick              |    12 |    47 |    96 ||   155
       Rapier            |       |       |   349 ||   349
Invok: Heroism           |       |       |     1 ||     1
  Use: Potion            |       |     7 |     3 ||    10
       Scroll            |       |       |     5 ||     5
  Eat: Bread ration      |       |     1 |       ||     1
       Chunk             |       |     3 |    13 ||    16
Armor: Scale mail        |    64 |    92 |   109 ||   265
Dodge: Dodged            |    37 |    80 |   126 ||   243
Block: Shield            |    61 |    98 |   175 ||   334
